 Seeded DCSS version 0.29.1-15-g9cfb28693d (webtiles) character file.

Game seed: 8515177902725472229 (custom seed)

34111 hikkokomori the Spry (level 13, 0/128 HPs)
             Began as a Minotaur Berserker on Apr 20, 2023.
             Was a High Priest of Trog.
             Slain by Vufrucs's ghost (9 damage)
             ... on level 4 of the Lair of Beasts.
             The game lasted 00:26:19 (18028 turns).

hikkokomori the Spry (Minotaur Berserker)          Turns: 18028, Time: 00:26:20

Health: 0/128      AC: 11    Str: 17    XL:     13   Next: 40%
Magic:  12/12      EV: 22    Int: 11    God:    Trog [*****.]
Gold:   837        SH:  0    Dex: 17    Spells: 12/12 levels left

rFire   . . .      SeeInvis +   P - +3 war axe
rCold   . . .      Faith    .   (no shield)
rNeg    + . .      Spirit   .   H - +0 steam dragon scales
rPois   .          Reflect  .   L - +0 hat {Will+}
rElec   +          Harm     .   G - +0 cloak
rCorr   .          Rampage  ∞   V - +0 pair of gloves of Fuisch {rElec Str-5 Int+7 SInv}
Will    ++...                   r - +3 pair of seven-league boots {Rampage+∞}
Stlth   ++........              u - amulet of the acrobat
HPRegen 0.31/turn               e - ring "Maess" {Will+ Dex+2}
MPRegen 0.13/turn               s - ring "Zokhas" {rN+ SInv}

@: on berserk cooldown, slowed, very slow
A: horns 2, retaliatory headbutt
a: Renounce Religion, Berserk, Trog's Hand, Brothers in Arms


You were on level 4 of the Lair of Beasts.
You worshipped Trog.
Trog was extremely pleased with you.
You visited 2 branches of the dungeon, and saw 15 of its levels.
You visited the Abyss 1 time.

You collected 837 gold pieces.

Inventory:

Hand Weapons
 a - a +0 hand axe
 P - a +3 war axe (weapon)
Missiles
 q - 6 throwing nets (quivered)
Armour
 r - the +3 pair of seven-league boots (worn) {Rampage+∞}
   (You acquired it on level 2 of the Dungeon)

   Its wearer moves as far as possible in that direction when moving towards
   enemies.
 G - a +0 cloak (worn)
 H - +0 steam dragon scales (worn)
 L - a +0 hat of willpower (worn)
 R - +0 acid dragon scales
 V - the +0 pair of gloves of Fuisch (worn) {rElec Str-5 Int+7 SInv}
   (You found it on level 2 of the Lair of Beasts)

   Str:       It affects your strength (-5).
   Int:       It affects your intelligence (+7).
   rElec:     It insulates you from electricity.
   SInv:      It lets you see invisible.
Jewellery
 e - the ring "Maess" (left hand) {Will+ Dex+2}
   (You acquired it on level 2 of the Dungeon)

   [ring of willpower]

   Dex:       It affects your dexterity (+2).
   Will:      It increases your willpower.
 s - the ring "Zokhas" (right hand) {rN+ SInv}
   (You acquired it on level 2 of the Dungeon)

   [ring of see invisible]

   rN:        It protects you from negative energy.
   SInv:      It lets you see invisible.
 u - an amulet of the acrobat (around neck)
 I - a ring of willpower
 Q - an amulet of faith
 S - a ring of flight
 T - a ring of willpower
Wands
 B - a wand of paralysis (12)
 J - a wand of iceblast (11)
 K - a wand of flame (22)
Scrolls
 b - 3 scrolls of acquirement
 j - a scroll of immolation {unknown}
 k - 3 scrolls of blinking {unknown}
 m - 3 scrolls of noise {unknown}
 o - 2 scrolls of vulnerability {unknown}
 p - 8 scrolls of teleportation
 t - a scroll of enchant weapon {unknown}
 x - 2 scrolls of fear
 y - 2 scrolls of amnesia {unknown}
 A - 2 scrolls of butterflies
 C - 2 scrolls of enchant armour {unknown}
 D - 2 scrolls of poison
 E - 2 scrolls of brand weapon {unknown}
 F - a scroll of summoning {unknown}
 W - a scroll of magic mapping {unknown}
Potions
 c - 11 potions of curing
 d - a potion of brilliance {unknown}
 f - a potion of attraction
 g - a potion of might
 h - 2 potions of flight
 l - 4 potions of mutation
 n - 2 potions of haste
 v - 2 potions of magic
 w - 4 potions of lignification
 z - 2 potions of cancellation
 M - a potion of ambrosia {unknown}
 N - a potion of degeneration {unknown}
 O - 2 potions of heal wounds
Miscellaneous
 i - a condenser vane
 U - a lightning rod (4/4)


   Skills:
 + Level 15.9 Fighting
 + Level 15.9 Axes
 - Level 2.4 Armour
 + Level 16.0 Dodging
 - Level 3.1 Stealth
 + Level 7.1 Evocations


You had 12 spell levels left.
You didn't know any spells.
Your spell library was empty.

Dungeon Overview and Level Annotations

Branches:
Dungeon (11/15)            Temple (0/1) D:7            Lair (4/5) D:10
  Swamp (0/4) Lair:3       Spider (0/4) Lair:2        Slime (0/5) Lair:4
    Orc (0/2) D:10

Altars:
Cheibriados
Fedhas
Hepliaklqana
Makhleb
Vehumet
Xom
Yredelemnul
Zin
Jiyva

Shops:
D:2 *   D:5 **   D:7 =   D:8 ?

Annotations:
D:4 2 transporters, Roxx's ghost, amateur HOFi
D:6 3 runed translucent doors, valliere's ghost, novice SpEn
Lair:4 exclusion: 3 oklob plants, Vufrucs's ghost, journeyman DrTm


Innate Abilities, Weirdness & Mutations

You have a pair of horns on your head.
You reflexively headbutt those who attack you in melee.


Message History

You chop one of the 12-headed hydra's heads off!
The 11-headed hydra grows two more!
You slice the 13-headed hydra!!
The 13-headed hydra is moderately wounded.
You completely miss the torpor snail. You barely miss Vufrucs's ghost.
Vufrucs's ghost hits you!
* * * LOW HITPOINT WARNING * * *
The torpor snail completely misses you. The 13-headed hydra closely misses you.
You furiously retaliate!
You headbutt the 13-headed hydra!! The 13-headed hydra barely misses you.
The 13-headed hydra misses you. x3
The 13-headed hydra bites you!
* * * LOW HITPOINT WARNING * * *
The 13-headed hydra bites you but does no damage. x2
The 13-headed hydra misses you. The 13-headed hydra bites you.
* * * LOW HITPOINT WARNING * * *
The 13-headed hydra bites you.
* * * LOW HITPOINT WARNING * * *
The 13-headed hydra bites you!
* * * LOW HITPOINT WARNING * * *
The 13-headed hydra bites you!
* * * LOW HITPOINT WARNING * * *
Vufrucs's ghost attacks as you move away!
Vufrucs's ghost hits you.
* * * LOW HITPOINT WARNING * * *
Unknown command.
You are too berserk!
Vufrucs's ghost attacks as you move away!
Vufrucs's ghost hits you but does no damage.
You feel a strong urge to attack something.
Vufrucs's ghost attacks as you move away!
Vufrucs's ghost completely misses you.
You feel yourself speed up.
You are no longer berserk.
You are exhausted.
You feel yourself slow down.
As you read the scroll of fear, it crumbles to dust.
You assume a fearsome visage.
The torpor snail looks frightened!
The komodo dragon looks frightened!
Vufrucs's ghost is unaffected.
The 13-headed hydra looks frightened!
The cane toad looks frightened!
Vufrucs's ghost hits you but does no damage.
Vufrucs's ghost hits you!
You die...

..............#..#.......#.......
.............#...#..??$..#.......
............##...#.##.##.#.......
..##...P.#..#.#..#.##.##.#......#
..#..............#.##.##.#......#
..#..............#.......#......#
.................#...w...#.......
.....#.##........###'''###......#
....#####.......@W..F.l...).....#
....# ###........................
....# #...........D.............#
....# ###.....#.##..#...........#
....######...#####...##.........#
....##.###...P# ##..###..........
........##...####...##...........
.........#..........#.P..........
........#####P.#.#...............


You could see a 13-headed hydra (fleeing), a torpor snail (fleeing), a komodo
dragon (fleeing), a cane toad (fleeing) and Vufrucs's ghost.

Vanquished Creatures
  Gastronok (D:8)
  Harold (Lair:2)
  2 hydras
  A catoblepas (Lair:4)
  2 two-headed ogres
  A hell hog (Abyss:2)
  A sixfirhy (Abyss:2)
  A swamp dragon (Lair:3)
  Pikel (D:8)
  2 lindwurms
  2 cyclopes
  2 manticores
  Joseph (D:8)
  A gargoyle (D:11)
  3 elephants (Lair:4)
  3 black mambas
  6 cane toads
  A torpor snail (Lair:2)
  2 unseen horrors (D:10)
  2 large abominations (Abyss:1)
  Psyche (D:9)
  Maggie (D:10)
  5 komodo dragons
  An unseen horror zombie (D:9)
  A rime drake (Lair:1)
  2 trolls
  A hornet (Lair:2)
  12 blink frogs
  3 shadows
  A ynoxinul (Abyss:1)
  6 wyverns
  A vampire (D:10)
  36 yaks
  A wraith (D:10)
  Grum (D:10)
  3 steam dragons
  7 vampire mosquitoes
  2 basilisks
  2 chaos spawn (Abyss:1)
  An acid dragon (D:11)
  10 water moccasins
  3 ice beasts
  An orc warrior (D:6)
  2 black bears (Lair:3)
  7 wolves
  3 centaurs
  An ogre (D:6)
  3 lemures (D:8)
  4 bullfrogs
  A wyvern zombie (D:9)
  A gnoll sergeant (D:9)
  4 scorpions
  7 wights
  12 killer bees
  2 electric eels (D:8)
  3 jellies
  A hound (D:7)
  4 orc priests
  3 gnoll boudas
  5 iguanas
  4 orc wizards
  18 gnolls
  4 adders
  10 river rats (D:6)
  2 white imps
  2 ufetubi
  2 worms (Lair:2)
  3 dart slugs
  29 orcs
  5 ball pythons
  5 bats
  3 endoplasms
  6 giant cockroaches
  7 goblins
  7 hobgoblins
  5 jackals (D:2)
  8 quokkas
  5 frilled lizards
  4 kobolds
  24 rats
  A bush (Lair:3)
355 creatures vanquished.

Vanquished Creatures (others)
  6 demonic plants (Abyss:2)
  4 fungi
  14 plants
24 creatures vanquished.

Grand Total: 379 creatures vanquished

Notes
Turn   | Place    | Note
-------+----------+-------------------------------------------
     0 | D:1      | hikkokomori the Minotaur Berserker began the quest for the
                  | Orb.
     0 | D:1      | Reached XP level 1. HP: 19/19 MP: 0/0
   246 | D:1      | Reached XP level 2. HP: 27/27 MP: 1/1
  1271 | D:2      | Reached XP level 3. HP: 34/34 MP: 2/2
  1276 | D:2      | Reached ** piety under Trog
  1290 | D:2      | Identified a scroll of acquirement
  1290 | D:2      | Acquired the ring "Maess" {Will+ Dex+2}
  1577 | D:2      | Reached XP level 4. HP: 9/41 MP: 3/3
  1817 | D:2      | Acquired a manual of Dodging
  1819 | D:2      | Acquired the +3 pair of seven-league boots {Rampage+∞}
  1819 | D:2      | Found the +3 pair of seven-league boots {Rampage+∞}
  1820 | D:2      | Acquired the ring "Zokhas" {rN+ SInv}
  1841 | D:2      | Found a shimmering altar of Xom.
  1850 | D:2      | Reached skill level 5 in Axes
  1852 | D:2      | Reached skill level 5 in Fighting
  1896 | D:2      | Found Vuamm's General Store.
  2142 | D:3      | Found a faded altar of an unknown god.
  2442 | D:3      | Reached XP level 5. HP: 36/48 MP: 4/4
  3140 | D:4      | Found a transporter.
  3140 | D:4      | Noticed Roxx's ghost (amateur HOFi)
  3230 | D:4      | Found a transporter.
  3398 | D:5      | Entered Level 5 of the Dungeon
  3534 | D:5      | Reached XP level 6. HP: 36/57 MP: 5/5
  3667 | D:5      | Reached *** piety under Trog
  3761 | D:5      | Found a radiant altar of Vehumet.
  4203 | D:5      | Found Bylic's Specific Store.
  4207 | D:5      | Found Naef Ace's General Store.
  4255 | D:5      | Noticed a water moccasin
  4261 | D:5      | Killed a water moccasin
  4262 | D:5      | Reached XP level 7. HP: 66/66 MP: 6/6
  4565 | D:6      | Found a hazy altar of Hepliaklqana.
  5021 | D:6      | Noticed a troll
  5035 | D:6      | Killed a troll
  5036 | D:6      | Reached XP level 8. HP: 42/77 MP: 7/7
  5321 | D:6      | Reached **** piety under Trog
  5731 | D:6      | Found a runed translucent gate.
  5731 | D:6      | Found a runed translucent gate.
  5731 | D:6      | Found a runed translucent gate.
  5732 | D:6      | Noticed valliere's ghost (novice SpEn)
  5907 | D:7      | Reached skill level 3 in Dodging
  6120 | D:7      | Found a staircase to the Ecumenical Temple.
  6253 | D:7      | Identified the +6 quarterstaff "Hemar Xue" {flame, Fly
                  | rElec rF+ Dex+3}
  6307 | D:7      | Reached skill level 10 in Fighting
  6307 | D:7      | Reached skill level 10 in Axes
  6322 | D:7      | Reached skill level 4 in Dodging
  6431 | D:7      | Identified the +2 long sword "Widowermaker" {vorpal, rN+
                  | Str+3}
  6433 | D:7      | Found Zauzocer's Jewellery Emporium.
  6751 | D:8      | Found Zilis's Magic Scroll Shoppe.
  6781 | D:8      | Reached skill level 5 in Dodging
  6781 | D:8      | Reached XP level 9. HP: 85/85 MP: 8/8
  6807 | D:8      | Noticed Pikel
  6826 | D:8      | Killed Pikel
  6827 | D:8      | Reached skill level 6 in Dodging
  7213 | D:8      | Found a glowing silver altar of Zin.
  7336 | D:8      | Noticed Gastronok
  7355 | D:8      | Killed Gastronok
  7356 | D:8      | Reached skill level 8 in Dodging
  7413 | D:8      | Noticed a cyclops
  7439 | D:8      | Noticed a two-headed ogre
  7536 | D:8      | Noticed Joseph
  7545 | D:8      | Killed Joseph
  7546 | D:8      | Reached skill level 9 in Dodging
  7546 | D:8      | Reached XP level 10. HP: 97/97 MP: 9/9
  7920 | D:8      | Killed a cyclops
  7999 | D:8      | Found a snail-covered altar of Cheibriados.
  8294 | D:9      | Noticed Psyche
  8298 | Abyss:1  | Cast into level 1 of the Abyss (Psyche)
  8343 | Abyss:1  | Reached skill level 10 in Dodging
  8351 | Abyss:1  | Noticed a large abomination
  8440 | Abyss:1  | Killed a large abomination
  8466 | Abyss:1  | Noticed a large abomination
  8493 | Abyss:1  | HP: 1/148 [large abomination (21)]
  8503 | Abyss:1  | Killed a large abomination
  8605 | Abyss:1  | Noticed a thrashing horror
  8618 | Abyss:1  | Noticed a wretched star
  8704 | Abyss:2  | Noticed a sixfirhy
  8738 | Abyss:2  | Noticed a hell hog
  8785 | Abyss:2  | Noticed a sixfirhy
  8855 | Abyss:2  | Killed a hell hog
  8856 | Abyss:2  | Reached skill level 11 in Dodging
  8859 | Abyss:2  | Killed a sixfirhy
  8862 | Abyss:2  | Noticed a starcursed mass
  8866 | D:9      | Escaped the Abyss
  8874 | D:9      | Killed Psyche
  9192 | D:9      | Noticed a two-headed ogre
  9204 | D:9      | Killed a two-headed ogre
  9205 | D:9      | Reached skill level 12 in Dodging
  9205 | D:9      | Reached XP level 11. HP: 73/107 MP: 10/10
  9885 | D:9      | Reached skill level 1 in Evocations
  9886 | D:9      | Reached skill level 1 in Stealth
 10257 | D:9      | Found a basalt altar of Yredelemnul.
 10516 | D:10     | Entered Level 10 of the Dungeon
 10907 | D:10     | Found a blossoming altar of Fedhas.
 10930 | D:10     | Found a staircase to the Lair.
 11082 | D:10     | Noticed Maggie
 11095 | D:10     | Killed Maggie
 11096 | D:10     | Reached skill level 13 in Dodging
 11199 | D:10     | Noticed Grum
 11211 | D:10     | Killed Grum
 11470 | D:10     | Found a staircase to the Orcish Mines.
 11818 | D:10     | Found a burning altar of Makhleb.
 12946 | D:11     | Noticed a two-headed ogre
 12957 | D:11     | Killed a two-headed ogre
 12958 | D:11     | Reached skill level 14 in Dodging
 12958 | D:11     | Reached XP level 12. HP: 117/117 MP: 11/11
 13431 | Lair:1   | Entered Level 1 of the Lair of Beasts
 13781 | Lair:1   | Noticed an eight-headed hydra
 13790 | Lair:1   | Killed a 12-headed hydra
 14382 | Lair:1   | Reached skill level 5 in Evocations
 14763 | Lair:2   | Noticed Harold
 14766 | Lair:2   | Noticed a four-headed hydra
 14775 | Lair:2   | Killed Harold
 14779 | Lair:2   | Killed an eight-headed hydra
 14780 | Lair:2   | Reached skill level 15 in Dodging
 14922 | Lair:2   | Found a hole to the Spider Nest.
 14949 | Lair:2   | Reached skill level 15 in Fighting
 15021 | Lair:2   | Identified the +0 chain mail "Nicigref" {rPois}
 15074 | Lair:2   | Identified the +0 pair of gloves of Fuisch {rElec Str-5
                  | Int+7 SInv}
 15220 | Lair:2   | Paralysed by a hornet for 2 turns
 15521 | Lair:2   | Identified the +3 mace "Cunoa" {venom, Will+ Stlth+}
 15586 | Lair:2   | Reached skill level 15 in Axes
 16023 | Lair:3   | Found a staircase to the Swamp.
 16383 | Lair:3   | Reached XP level 13. HP: 127/127 MP: 12/12
 16553 | Lair:3   | Reached ***** piety under Trog
 17057 | Lair:4   | Found a burning altar of Makhleb.
 17209 | Lair:4   | Noticed Vufrucs's ghost (journeyman DrTm)
 17217 | Lair:4   | Found a runed translucent gate.
 17217 | Lair:4   | Found a runed translucent gate.
 17217 | Lair:4   | Found a runed translucent gate.
 17355 | Lair:4   | Found a viscous altar of Jiyva.
 17355 | Lair:4   | Found a staircase to the Slime Pits.
 17709 | Lair:4   | Reached skill level 16 in Dodging
 18028 | Lair:4   | Slain by Vufrucs's ghost

Illustrated notes

Levels and vault maps discovered:
D:1:      sevenhm_arrival_forest_fort_large_4, layout_basic,
          nrook_loot_triangle, minmay_lizard_pond
D:2:      layout_loops_ring, basic_altar, serial_shops,
          nicolae_shop_temple_entry_statues_fountains
D:3:      layout_basic, ebering_ecumenical_altar_webs, serial_forest,
          infiniplex_forest_lined_corner, infiniplex_forest_lined_1,
          infiniplex_forest_lined_1, infiniplex_forest_clump_small,
          infiniplex_forest_lined_room_3, infiniplex_forest_straight_1,
          infiniplex_forest_lined_room_2, infiniplex_forest_straight_4
D:4:      layout_cave_pools, gammafunk_ghost_arena
D:5:      layout_loops_ring, mainiacjoe_overflow_catwalk, nicolae_specific_store
D:6:      lemuel_ratsnest, layout_rooms, mainiacjoe_overflow_boulevard,
          ebering_ghost_rock_garden, hangedman_abyss_or_decor_stagger,
          serial_park_tiny_1
D:7:      layout_loops_cross, nicolae_overflow_hidden_temple,
          minmay_temple_entry_mist, serial_shops, kennysheep_little_box,
          hangedman_abyss_or_decor_stabs, minmay_misc_feat_iff
D:8:      layout_basic, mainiacjoe_overflow_alcove_4, lemuel_doored_altar,
          serial_shops, shop_fountains, minmay_crystal_water,
          kennysheep_island_fort, uniq_pikel, uniq_joseph, uniq_erica,
          uniq_gastronok
D:9:      layout_stronghold, lemuel_zombie_altar_yredelemnul, uniq_psyche,
          uniq_prince_ribbit1
D:10:     layout_grid_maze, lightli_temple_of_fire, fedhas_ov_isle_minmay,
          dpeg_oklobed_lair, chequers_serial_rivers_micro_e, uniq_grum,
          uniq_maggie
D:11:     layout_irregular_city
Lair:1:   layout_long_grid
Lair:2:   layout_loops_ring, nicolae_spider_entry_non_spiders,
          serial_bayou_pond_a, uniq_harold
Lair:3:   layout_small_grid, minmay_swamp_entry_reptiles, grunt_megastairs_1
Lair:4:   layout_gridlike, minmay_slime_entry_oklob_open, basic_altar,
          gammafunk_ghost_split, beast_lair_carwin_2

Skill      XL: |  1  2  3  4  5  6  7  8  9 10 11 12 13 |
---------------+----------------------------------------+-----
Axes           | 4 5 6 7 8 10 11 13 14 15 | 15.9
Fighting       | 4 5 6 7 8 10 11 13 14 15 | 15.9
Dodging        | 5 9 12 14 15 16 | 16.0
Evocations     | 4 6 7 |  7.1
Stealth        | 3 |  3.1
Armour         | |  2.4

Action                   |  1- 3 |  4- 6 |  7- 9 | 10-12 | 13-15 || total
-------------------------+-------+-------+-------+-------+-------++-------
Melee: Hand axe          |    60 |   152 |   235 |   160 |       ||   607
       Headbutt          |    14 |    30 |    50 |   131 |    48 ||   273
       Punch             |     1 |     1 |     4 |     5 |     2 ||    13
       War axe           |       |       |       |   363 |   148 ||   511
Throw: Throwing net      |       |       |       |     2 |       ||     2
Invok: Berserk           |     1 |     3 |     6 |    15 |     6 ||    31
       Trog's Hand       |       |       |       |     3 |       ||     3
Evoke: Wand              |       |       |       |     2 |       ||     2
  Use: Scroll            |     1 |     3 |     8 |     5 |     3 ||    20
       Potion            |       |       |       |     5 |       ||     5
 Stab: Held in net/web   |       |       |       |     1 |       ||     1
       Sleeping          |       |       |       |     6 |     2 ||     8
Armor: Animal skin       |     9 |    35 |    24 |       |       ||    68
       Steam dragon scal |       |       |    37 |    78 |    38 ||   153
       Skin              |       |       |       |     6 |       ||     6
Dodge: Dodged            |    39 |    62 |    90 |   382 |   117 ||   690
